MLB
MINNESOTA TWINS @ CHICAGO WHITE SOX
09/28/2046
 
TOP OF THE 1ST
Minnesota Twins batting - Pitching for Chicago White Sox : RHP Xenophon Valvis
Pitching: RHP Xenophon Valvis
Batting: LHB Peer Derks 0-0: Called Strike
0-1: Foul Ball, location: 2F
0-2: Strikes out swinging
Batting: RHB Kevin Howard 0-0: Ball
1-0: Foul Ball, location: 2F
1-1: Ball
2-1: Foul Ball, location: 2F
2-2: DOUBLE (Line Drive, 89M, EV 91.9 MPH)
Batting: LHB Helge Jivotovsky 0-0: Foul Ball, location: 2F
0-1: Ball
1-1: Ball
2-1: Called Strike
2-2: Strikes out swinging
Batting: LHB Alejandro Soriano 0-0: Ball
1-0: Foul Ball, location: 2F
1-1: Ball
2-1: 2-RUN HOME RUN (Flyball, 9D, EV 96.2 MPH), Distance : 380 ft
Batting: RHB Matthew Starr 0-0: Ball
1-0: Foul Ball, location: 2F
1-1: Ground out 5-3 (Groundball, 5, EV 89.4 MPH)
Top of the 1st over - 2 runs, 2 hits, 0 errors, 0 left on base; Minnesota 2 - Chicago 0
BOTTOM OF THE 1ST
Chicago White Sox batting - Pitching for Minnesota Twins : LHP Nigel Turner
Pitching: LHP Nigel Turner
Batting: RHB Steve Castleberry 0-0: Ball
1-0: Ground out 6-3 (Groundball, P, EV 78.8 MPH)
Batting: SHB Vince Ealy 0-0: Swinging Strike
0-1: Swinging Strike
0-2: Ball
1-2: Ball
2-2: Strikes out swinging
Batting: RHB Joseph Disepolo 0-0: Ball
1-0: Foul Ball, location: 2F
1-1: Ball
2-1: Ball
3-1: Base on Balls
Batting: SHB Junzo Kato 0-0: Ball
1-0: Ball
2-0: Ground out U3 (Groundball, 3, EV 104.4 MPH)
Bottom of the 1st over - 0 runs, 0 hits, 0 errors, 1 left on base; Minnesota 2 - Chicago 0
TOP OF THE 2ND
Minnesota Twins batting - Pitching for Chicago White Sox : RHP Xenophon Valvis
Batting: RHB Mike Quackenbush 0-0: Called Strike
0-1: Swinging Strike
0-2: Ground out 5-3 (Groundball, 56, EV 92.5 MPH)
Batting: RHB Danny Eberhart 0-0: Called Strike
0-1: Called Strike
0-2: Foul Ball, location: 2F
0-2: Ball
1-2: Fly out, F3 (Popup, 3SF, EV 69.4 MPH)
Batting: RHB Alex Sandoval 0-0: Ball
1-0: Called Strike
1-1: Swinging Strike
1-2: Strikes out looking
Top of the 2nd over - 0 runs, 0 hits, 0 errors, 0 left on base; Minnesota 2 - Chicago 0
BOTTOM OF THE 2ND
Chicago White Sox batting - Pitching for Minnesota Twins : LHP Nigel Turner
Batting: RHB Chris Cooper 0-0: Ball
1-0: Swinging Strike
1-1: Called Strike
1-2: Foul Ball, location: 2F
1-2: Foul Ball, location: 2F
1-2: Strikes out swinging
Batting: SHB Dan Lash 0-0: Foul Ball, location: 2F
0-1: Ball
1-1: Called Strike
1-2: Foul Ball, location: 2F
1-2: Fly out, F8 (Flyball, 78M, EV 95.0 MPH)
Batting: RHB Dieter Knoops 0-0: Fly out, F7 (Flyball, 7D, EV 92.5 MPH)
Bottom of the 2nd over - 0 runs, 0 hits, 0 errors, 0 left on base; Minnesota 2 - Chicago 0
TOP OF THE 3RD
Minnesota Twins batting - Pitching for Chicago White Sox : RHP Xenophon Valvis
Batting: RHB Doug Lane 0-0: Ball
1-0: Swinging Strike
1-1: Swinging Strike
1-2: Foul Ball, location: 2F
1-2: Strikes out looking
Batting: LHB Peer Derks 0-0: Ball
1-0: SINGLE (Groundball, 34S, EV 70.0 MPH) (infield hit)
Batting: RHB Kevin Howard 0-0: Called Strike
0-1: Hit by Pitch
Peer Derks to second
Batting: LHB Helge Jivotovsky 0-0: Ball
1-0: Called Strike
1-1: Ball
2-1: SINGLE (Groundball, 34D, EV 107.5 MPH)
Peer Derks to third
Kevin Howard to second
Runner from 3rd tries for Home, SAFE, throw by RF to home
Batting: LHB Alejandro Soriano 0-0: Ball
1-0: Ball
Passed Ball!
Kevin Howard to third
Helge Jivotovsky to second
2-0: Foul Ball, location: 2F
2-1: Ball
3-1: Foul Ball, location: 2F
3-2: Foul Ball, location: 2F
3-2: Base on Balls
Batting: RHB Matthew Starr 0-0: Called Strike
0-1: Grounds into double play, 4-6-3 (Groundball, 4M, EV 85.6 MPH)
Top of the 3rd over - 1 run, 2 hits, 0 errors, 2 left on base; Minnesota 3 - Chicago 0
BOTTOM OF THE 3RD
Chicago White Sox batting - Pitching for Minnesota Twins : LHP Nigel Turner
Batting: RHB Leo Navarro 0-0: Ball
1-0: Ground out 6-3 (Groundball, 6, EV 101.9 MPH)
Batting: RHB Brad Boals 0-0: Ground out 5-3 (Groundball, 5S, EV 73.8 MPH)
Batting: RHB Steve Castleberry 0-0: Ball
1-0: Ball
2-0: Ball
3-0: Called Strike
3-1: Base on Balls
Batting: SHB Vince Ealy 0-0: Foul Ball, location: 2F
0-1: Ball
1-1: Ball
2-1: Ball
3-1: Called Strike
3-2: SINGLE (Line Drive, 9LS, EV 95.6 MPH)
Steve Castleberry to second
Steve Castleberry to third
Batting: RHB Joseph Disepolo 0-0: Swinging Strike
0-1: Swinging Strike
0-2: Ball
1-2: Foul Ball, location: 2F
1-2: Ball
2-2: Strikes out looking
Bottom of the 3rd over - 0 runs, 1 hit, 0 errors, 2 left on base; Minnesota 3 - Chicago 0
TOP OF THE 4TH
Minnesota Twins batting - Pitching for Chicago White Sox : RHP Xenophon Valvis
Batting: RHB Mike Quackenbush 0-0: Swinging Strike
0-1: Ball
1-1: SINGLE (Groundball, 56S, EV 70.6 MPH) (infield hit)
Batting: RHB Danny Eberhart 0-0: Called Strike
Mike Quackenbush steals 2nd base
0-1: Ball
1-1: Called Strike
1-2: Ball
2-2: Ball
3-2: Strikes out swinging
Batting: RHB Alex Sandoval 0-0: Ball
Mike Quackenbush steals 3rd base
1-0: Fly out, F7 (Line Drive, 7S, EV 95.0 MPH)
Batting: RHB Doug Lane 0-0: Called Strike
0-1: Foul Ball, location: 2F
0-2: Foul Ball, location: 2F
0-2: Ball
1-2: Ball
2-2: 2-RUN HOME RUN (Line Drive, 7D, EV 96.9 MPH), Distance : 365 ft
Pitching: LHP Steven Wolf
Batting: LHB Peer Derks 0-0: Called Strike
0-1: Swinging Strike
0-2: Strikes out looking
Top of the 4th over - 2 runs, 2 hits, 0 errors, 0 left on base; Minnesota 5 - Chicago 0
BOTTOM OF THE 4TH
Chicago White Sox batting - Pitching for Minnesota Twins : LHP Nigel Turner
Batting: SHB Junzo Kato 0-0: Called Strike
0-1: SOLO HOME RUN (Flyball, 78XD, EV 102.5 MPH), Distance : 381 ft
Batting: RHB Chris Cooper 0-0: Ball
1-0: Ball
2-0: Ball
3-0: Base on Balls
Batting: SHB Dan Lash 0-0: Swinging Strike
0-1: Ball
1-1: Foul Ball, location: 2F
1-2: Ball
2-2: Fly out, F9 (Flyball, 9LS, EV 80.0 MPH)
Batting: RHB Dieter Knoops 0-0: Foul Ball, location: 2F
0-1: Ball
1-1: Swinging Strike
1-2: Strikes out looking
Batting: RHB Leo Navarro 0-0: Swinging Strike
0-1: Ball
1-1: Ball
2-1: Foul Ball, location: 2F
2-2: Ball
3-2: Base on Balls
Chris Cooper to second
Batting: RHB Brad Boals 0-0: Ball
1-0: Ball
2-0: Fielders Choice at 2nd, 5-4 (Groundball, 5, EV 80.6 MPH)
Bottom of the 4th over - 1 run, 1 hit, 0 errors, 2 left on base; Minnesota 5 - Chicago 1
TOP OF THE 5TH
Minnesota Twins batting - Pitching for Chicago White Sox : LHP Steven Wolf
Batting: RHB Kevin Howard 0-0: Ball
1-0: Swinging Strike
1-1: Ball
2-1: Swinging Strike
2-2: Foul Ball, location: 2F
2-2: Ball
3-2: Base on Balls
Batting: LHB Helge Jivotovsky 0-0: Ball
1-0: Foul Ball, location: 2F
1-1: Swinging Strike
1-2: Foul Ball, location: 2F
1-2: Ball
2-2: Foul Ball, location: 2F
2-2: Foul Ball, location: 2F
2-2: Ball
3-2: Ground out 4-3 (Groundball, 3D, EV 101.9 MPH)
Kevin Howard to second
Batting: LHB Alejandro Soriano 0-0: Ball
1-0: Called Strike
1-1: Foul Ball, location: 2F
1-2: Foul Ball, location: 2F
1-2: Ball
2-2: Foul Ball, location: 2F
2-2: Foul Ball, location: 2F
2-2: SINGLE (Groundball, 3D, EV 97.5 MPH)
Kevin Howard to third
Runner from 3rd tries for Home, SAFE, throw by RF to home
Alejandro Soriano to second
Batting: RHB Matthew Starr 0-0: Called Strike
0-1: Foul Ball, location: 2F
0-2: Strikes out swinging
Batting: RHB Mike Quackenbush 0-0: Swinging Strike
0-1: Swinging Strike
0-2: Ball
1-2: Strikes out swinging
Top of the 5th over - 1 run, 1 hit, 0 errors, 1 left on base; Minnesota 6 - Chicago 1
BOTTOM OF THE 5TH
Chicago White Sox batting - Pitching for Minnesota Twins : LHP Nigel Turner
Batting: RHB Steve Castleberry 0-0: Swinging Strike
0-1: Ball
1-1: Ball
2-1: Foul Ball, location: 2F
2-2: Strikes out looking
Batting: SHB Vince Ealy 0-0: Ball
1-0: Ball
2-0: Foul Ball, location: 2F
2-1: Ball
3-1: Base on Balls
Batting: RHB Joseph Disepolo 0-0: Ball
Vince Ealy steals 2nd base (no throw)
1-0: Ball
2-0: Ball
3-0: Called Strike
3-1: Called Strike
3-2: Foul Ball, location: 2F
3-2: Foul Ball, location: 2F
3-2: Ground out 4-3 (Groundball, 34, EV 101.2 MPH)
Vince Ealy to third
Batting: SHB Junzo Kato 0-0: Ball
1-0: Foul Ball, location: 2F
1-1: Foul Ball, location: 2F
1-2: Strikes out looking
Bottom of the 5th over - 0 runs, 0 hits, 0 errors, 1 left on base; Minnesota 6 - Chicago 1
TOP OF THE 6TH
Minnesota Twins batting - Pitching for Chicago White Sox : LHP Steven Wolf
Batting: RHB Danny Eberhart 0-0: Called Strike
0-1: Ground out 4-3 (Groundball, 4, EV 88.8 MPH)
Batting: RHB Alex Sandoval 0-0: Swinging Strike
0-1: Ball
1-1: Ball
2-1: Ball
3-1: Swinging Strike
3-2: Strikes out swinging
Batting: RHB Doug Lane 0-0: Called Strike
0-1: Swinging Strike
0-2: Ball
1-2: Ground out 5-3 (Groundball, 56S, EV 84.4 MPH)
Top of the 6th over - 0 runs, 0 hits, 0 errors, 0 left on base; Minnesota 6 - Chicago 1
BOTTOM OF THE 6TH
Chicago White Sox batting - Pitching for Minnesota Twins : LHP Nigel Turner
Batting: RHB Chris Cooper 0-0: Ball
1-0: Ball
2-0: Foul Ball, location: 2F
2-1: Ball
3-1: Swinging Strike
3-2: Strikes out swinging
Batting: SHB Dan Lash 0-0: Ground out 6-3 (Groundball, 6, EV 102.5 MPH)
Batting: RHB Dieter Knoops 0-0: Ball
1-0: Ball
2-0: Ball
3-0: Base on Balls
Pitching: LHP Adam Wood
Batting: RHB Leo Navarro 0-0: Called Strike
0-1: Foul Ball, location: 2F
0-2: SINGLE (Line Drive, 6D, EV 109.4 MPH)
Dieter Knoops to second
Batting: RHB Brad Boals 0-0: Ball
1-0: Ball
2-0: Called Strike
2-1: Ball
3-1: Foul Ball, location: 2F
3-2: Fly out, F8 (Line Drive, 8LM, EV 98.1 MPH)
Bottom of the 6th over - 0 runs, 1 hit, 0 errors, 2 left on base; Minnesota 6 - Chicago 1
TOP OF THE 7TH
Minnesota Twins batting - Pitching for Chicago White Sox : LHP Steven Wolf
Batting: LHB Peer Derks 0-0: Called Strike
0-1: Ball
1-1: Swinging Strike
1-2: Strikes out swinging
Batting: RHB Kevin Howard 0-0: Swinging Strike
0-1: Ball
1-1: Ball
2-1: Ball
3-1: Called Strike
3-2: SINGLE (Flyball, 4D, EV 88.1 MPH)
Pitching: RHP Tommy Benedict
Batting: LHB Helge Jivotovsky 0-0: Foul Ball, location: 2F
0-1: Foul Ball, location: 2F
0-2: Ball
1-2: Ball
2-2: Strikes out looking
Batting: LHB Alejandro Soriano 0-0: Called Strike
0-1: Ground out 4-3 (Groundball, 4, EV 88.8 MPH)
Top of the 7th over - 0 runs, 1 hit, 0 errors, 1 left on base; Minnesota 6 - Chicago 1
BOTTOM OF THE 7TH
Chicago White Sox batting - Pitching for Minnesota Twins : LHP Adam Wood
Batting: RHB Steve Castleberry 0-0: Ball
1-0: Foul Ball, location: 2F
1-1: Ground out 4-3 (Groundball, 4S, EV 83.1 MPH)
Batting: SHB Vince Ealy 0-0: Ground out 5-3 (Groundball, 5S, EV 74.4 MPH)
Batting: RHB Joseph Disepolo 0-0: Ball
1-0: Foul Ball, location: 2F
1-1: Ball
2-1: SINGLE (Groundball, 6MD, EV 98.8 MPH)
Batting: SHB Junzo Kato 0-0: Ball
1-0: Called Strike
Joseph Disepolo steals 2nd base
1-1: Ball
2-1: Foul Ball, location: 2F
2-2: Strikes out swinging
Bottom of the 7th over - 0 runs, 1 hit, 0 errors, 1 left on base; Minnesota 6 - Chicago 1
TOP OF THE 8TH
Minnesota Twins batting - Pitching for Chicago White Sox : RHP Tommy Benedict
Batting: RHB Matthew Starr 0-0: Called Strike
0-1: Swinging Strike
0-2: Ball
1-2: Ball
2-2: Foul Ball, location: 2F
2-2: Ball
3-2: SINGLE (Flyball, 78S, EV 91.9 MPH)
Batting: RHB Mike Quackenbush 0-0: Ball
1-0: Ball
2-0: Ball
3-0: Called Strike
3-1: Foul Ball, location: 2F
3-2: Strikes out swinging
Matthew Starr is caught stealing 2nd base 2-4
Batter strikes out.
Batting: RHB Danny Eberhart 0-0: Called Strike
0-1: Called Strike
0-2: Ball
1-2: Fly out, F8 (Flyball, 8RXD, EV 95.0 MPH)
Top of the 8th over - 0 runs, 1 hit, 0 errors, 0 left on base; Minnesota 6 - Chicago 1
BOTTOM OF THE 8TH
Chicago White Sox batting - Pitching for Minnesota Twins : LHP Adam Wood
Batting: RHB Chris Cooper 0-0: Called Strike
0-1: Called Strike
0-2: Foul Ball, location: 2F
0-2: Ball
1-2: SINGLE (Groundball, 6MS, EV 57.5 MPH) (infield hit)
Batting: SHB Dan Lash 0-0: Called Strike
0-1: Foul Ball, location: 2F
0-2: Ball
1-2: Ball
2-2: Foul Ball, location: 2F
2-2: Ball
3-2: Base on Balls
Chris Cooper to second
Pitching: LHP Yorinobu Noguchi
Batting: RHB Dieter Knoops 0-0: Called Strike
0-1: Swinging Strike
0-2: Foul Ball, location: 2F
0-2: Foul Ball, location: 2F
0-2: Strikes out swinging
Batting: RHB Leo Navarro 0-0: SINGLE (Groundball, 6MD, EV 110.0 MPH)
Chris Cooper to third
Dan Lash to second
Runner from 3rd tries for Home, SAFE, throw by CF to home
Batting: RHB Brad Boals 0-0: Ball
1-0: Foul Ball, location: 2F
1-1: Ball
2-1: Foul Ball, location: 2F
2-2: Strikes out swinging
Batting: RHB Steve Castleberry 0-0: Called Strike
0-1: Ball
1-1: Ball
2-1: Ball
3-1: Base on Balls
Dan Lash to third
Leo Navarro to second
Batting: SHB Vince Ealy 0-0: Ground out 3-1 (Groundball, 34, EV 83.1 MPH)
Bottom of the 8th over - 1 run, 2 hits, 0 errors, 3 left on base; Minnesota 6 - Chicago 2
TOP OF THE 9TH
Minnesota Twins batting - Pitching for Chicago White Sox : RHP Tommy Benedict
Pitching: RHP Riso Profanter
Batting: RHB Alex Sandoval 0-0: Swinging Strike
0-1: Swinging Strike
0-2: Ball
1-2: Ball
2-2: Strikes out swinging
Batting: RHB Doug Lane 0-0: Ball
1-0: Called Strike
1-1: Foul Ball, location: 2F
1-2: Ball
2-2: SINGLE (Line Drive, 9LS, EV 93.1 MPH)
Batting: LHB Peer Derks 0-0: Ball
1-0: Ball
2-0: Ball
3-0: Base on Balls
Doug Lane to second
Batting: RHB Kevin Howard 0-0: Called Strike
0-1: Grounds into double play, 3-6-3 (Groundball, 34S, EV 85.6 MPH)
Top of the 9th over - 0 runs, 1 hit, 0 errors, 1 left on base; Minnesota 6 - Chicago 2
BOTTOM OF THE 9TH
Chicago White Sox batting - Pitching for Minnesota Twins : LHP Yorinobu Noguchi
Pitching: RHP Jimmy Seager
Batting: RHB Joseph Disepolo 0-0: Ball
1-0: Ball
2-0: Ball
3-0: Called Strike
3-1: Base on Balls
Batting: SHB Junzo Kato 0-0: Called Strike
0-1: Swinging Strike
0-2: Strikes out swinging
Pinch Hitting: LHB Randy Rosenberry 0-0: Fly out, F4 (Flyball, 3D, EV 91.9 MPH)
Batting: SHB Dan Lash 0-0: Foul Ball, location: 2F
0-1: Ball
1-1: Swinging Strike
1-2: Single, Error in OF, E7, batter to second base (Line Drive, 56, EV 105.0 MPH)
Joseph Disepolo to third
Pitching: RHP Mark Case
Batting: RHB Dieter Knoops 0-0: Swinging Strike
0-1: Ball
1-1: Swinging Strike
1-2: Strikes out swinging
Bottom of the 9th over - 0 runs, 1 hit, 1 error, 2 left on base; Minnesota 6 - Chicago 2
Tuesday, September 13th , 2022 - OOTP Baseball 23.7 Build 88